[Event "Championnat d'Europe Rapide"]
[Date "2024.12.07"]
[White "Deac, Bogdan-Daniel"]
[Black "Alienkin, Aleksander"]
[WhiteElo "2696"]
[BlackElo "2337"]
[Round "3.5"]
[Result "1-0"]
[TimeControl "900+10"]

1. Nf3 d5 2.
e3 Nf6 3. c4 c6 4. Nc3 g6 5. d4 Bg7 6. Be2 O-O 7. O-O Bg4 8. cxd5 cxd5 9. Qb3 b6 10. h3 Bc8 11. Bd2 Bb7 12. Rfc1 Nbd7 13. a4 a6 14. Be1 e6 15. Na2 Qb8 16. Rc2 Rc8 17. Rac1 Qa7 18. Nb4 Rxc2 19.
Rxc2 Bf8 20.
Nc6 Bxc6 21.
Rxc6 Qb7 22.
Rc3 Ne4 23.
Rc2 Rc8 24.
Bd3 Nd6 25.
Nd2 Rxc2 26.
Qxc2 a5 27.
Nb1 Qc8 28.
Nc3 Ne8 29.
f3 Bb4 30.
g4 Kg7 31.
Bg3 Nd6 32.
Na2 Qxc2 33.
Bxc2 Nc4 34.
Nxb4 axb4 35. b3 Nxe3 36. Bd3 Nd1 37. Bd6 f6 38. Bxb4 e5 39. Bb5 Nf8 40. dxe5 fxe5 41. Bd6 e4 42. fxe4 dxe4 43. Bc7 Kf6 44. Bxb6 Ke5 45. a5 Nc3 46. Bc4 Nd7 47. Bc7+ 1-0

[Site "Europe Echecs"]

[Event "Championnat d'Europe Rapide"]
[Date "2024.12.07"]
[White "Motylev, Alexander"]
[Black "Savanovic, Aleksandar"]
[WhiteElo "2596"]
[BlackElo "2354"]
[Round "3.6"]
[Result "1-0"]
[TimeControl "900+10"]

1. e4 e5 2.
Nf3 Nc6 3.
d4 exd4 4.
Nxd4 Nf6 5. Nxc6 bxc6 6. e5 Qe7 7. Qe2 Nd5 8. Nd2 a5 9. g3 f6 10. c4 Ba6 11. Bg2 fxe5 12. O-O Nf6 13. Re1 Bb7 14. Qxe5 Qxe5 15. Rxe5+ Kf7 16. Nf3 Bd6 17. Re1 Rhe8 18. Be3 h6 19. c5 Bf8 20. Rac1 Nd5 21. Bd4 d6 22. Red1 a4 23. a3 Rab8 24. Nd2 Ba8 25. Ne4 Rb5 26. Rd2 Bb7 27. h4 dxc5 28. Nxc5 Bxc5 29. Bxc5 Re6 30. Bh3 Rf6 31. Bg4 g6 32. Bd1 Ra5 33. Rd4 Rf5 34. Bxa4 Re5 35. Bb3 Ke8 36. Bb4 Nxb4 37.
Rxb4 Rab5 38. Rxb5 cxb5 39. Kf1 c5 40. f4 Re3 41. Re1 Rxe1+ 42. Kxe1 Ke7 43. Kd2 Kf6 44. Ke3 Bc6 45. Bc2 Be8 46. b4 c4 47. Kd4 g5 48. a4 bxa4 49. Kxc4 gxf4 50. gxf4 Bf7+ 51. Kc3 Ke7 52. Bxa4 1-0

[Site "Europe Echecs"]

[Event "Championnat d'Europe Rapide"]
[Date "2024.12.07"]
[White "Papasimakopoulos, Alexandros"]
[Black "Jobava, Baadur"]
[WhiteElo "2379"]
[BlackElo "2578"]
[Round "3.7"]
[Result "0-1"]
[TimeControl "900+10"]

1. d4 d5 2.
c4 dxc4 3.
Nf3 Nf6 4.
e3 Bg4 5.
Bxc4 e6 6.
Nbd2 Nbd7 7.
h3 Bh5 8.
Qb3 Rb8 9.
O-O Be7 10.
Re1 O-O 11.
e4 b5 12.
Bf1 c5 13.
dxc5 Nxc5 14. Qe3 Qc7 15. Nd4 a6 16. b3 Bg6 17. Bb2 Ncxe4 18. Rac1 Qb7 19. Nc6 Nd5 20. Nxe7+ Qxe7 21. Qd4 Nef6 22. Nf3 Rfc8 23. Ne5 Qb7 24. Ng4 h5 25. Nxf6+ Nxf6 26. Qh4 Ne8 27. Be2 Rxc1 28. Rxc1 Rc8 29. Bxh5 Rxc1+ 30. Bxc1 Bxh5 31. Qxh5 Qe4 32. Qc5 Nf6 33. Kh2 Qb1 34. Qc3 Qxa2 35. Bb2 Qb1 36. f3 Kh7 37. g4 b4 38. Qd2 Nd5 39. h4 Qf1 40. Kg3 Qg1+ 41. Kh3 Qh1+ 42. Kg3 Qg1+ 43. Kh3 Ne3 44. Qd3+ f5 45. Qe2 Nf1 46. Be5 Qh1+ 47. Bh2 Nxh2 48. Qxh2 Qxf3+ 49. Qg3 Qh1+ 0-1

[Site "Europe Echecs"]

[Event "Championnat d'Europe Rapide"]
[Date "2024.12.07"]
[White "Stefanova, Antoaneta"]
[Black "Safarli, Eltaj"]
[WhiteElo "2418"]
[BlackElo "2610"]
[Round "3.8"]
[Result "0-1"]
[TimeControl "900+10"]

1. d4 Nf6 2.
Nf3 g6 3. g3 Bg7 4. Bg2 O-O 5. O-O d5 6. Be3 Bf5 7. Qc1 Nbd7 8. Nh4 Be6 9. Rd1 Rc8 10. c4 c6 11. c5 Qa5 12. Bd2 Qa6 13. Nc3 Ne4 14. Nxe4 dxe4 15. e3 Bg4 16. Re1 b6 17. Bxe4 bxc5 18. dxc5 Rfd8 19. f3 Bh3 20. Bb4 Qb5 21. Ba3 Ne5 22. Rb1 Nc4 23. Qc2 f5 24. Nxf5 gxf5 25. Bxf5 Bxf5 26. Qxf5 Kh8 27. Rbd1 Nxe3 28. Rxd8+ Rxd8 29. Qe4 Nd5 30. b3 Qa5 31. Bc1 Qxa2 32. Bg5 Qxb3 0-1

[Site "Europe Echecs"]

[Event "Championnat d'Europe Rapide"]
[Date "2024.12.07"]
[White "Korobov, Anton"]
[Black "Costachi, Mihnea"]
[WhiteElo "2629"]
[BlackElo "2464"]
[Round "3.9"]
[Result "1-0"]
[TimeControl "900+10"]

1. d4 Nf6 2.
c4 g6 3. Nc3 Bg7 4. e4 d6 5. Be2 O-O 6. Bg5 Na6 7. Qd2 e5 8. d5 Qe8 9. f3 Nh5 10. Bd1 f5 11. Nge2 Bd7 12. a3 f4 13. b4 Bf6 14. Bxf6 Rxf6 15. Bb3 Kh8 16.
O-O-O Nb8 17. Kb2 a5 18. Nc1 Na6 19. Nd3 b5 20. c5 c6 21. dxc6 Bxc6 22. Nd5 Bxd5 23. Bxd5 Ra7 24. Qc3 axb4 25. axb4 dxc5 26. bxc5 b4 27. Qxe5 Qxe5+ 28. Nxe5 Nxc5 29. Ra1 Re7 30. Ra8+ Kg7 31. Rg8+ Kh6 32. Ng4+ Kg5 33. h4# 1-0

[Site "Europe Echecs"]

[Event "Championnat d'Europe Rapide"]
[Date "2024.12.07"]
[White "Vuckovic, Zarko"]
[Black "Pultinevicius, Paulius"]
[WhiteElo "2334"]
[BlackElo "2579"]
[Round "3.10"]
[Result "0-1"]
[TimeControl "900+10"]

1. e4 c5 2. Nf3 e6 3. d4 cxd4 4. Nxd4 Nc6 5. Nc3 d6 6. Be3 Nf6 7. f4 Be7 8. Qd2 O-O 9. O-O-O a6 10. Be2 Nxd4 11. Bxd4 b5 12. Bf3 b4 13. Ne2 a5 14. Bxf6 gxf6 15. e5 Ra6 16. Qe3 fxe5 17. Kb1 Qb6 18. Qd3 f5 19. fxe5 dxe5 20.
Rhf1 Qc5 21.
Bh5 Rd6 22.
Qg3+ Kh8 23.
Qh3 Rg8 24.
Nc1 Bf6 25.
Nb3 Qb6 26.
Bf7 Rg7 27.
Be8 Ba6 28.
Rfe1 Rxd1+ 29. Rxd1 Be2 30. Rc1 Bg5 31. Rh1 e4 32. Bh5 Bc4 33. Be8 e3 34. Nc1 Qd4 35. Ba4 Bf6 36. c3 bxc3 37. Bc2 cxb2 38. Nb3 Qc3 39. Rd1 a4 0-1

[Site "Europe Echecs"]

[Event "Championnat d'Europe Rapide"]
[Date "2024.12.07"]
[White "Sargissian, Gabriel"]
[Black "Pancevski, Filip"]
[WhiteElo "2628"]
[BlackElo "2420"]
[Round "3.11"]
[Result "1-0"]
[TimeControl "900+10"]

1. Nf3 Nf6 2. g3 g6 3.
Bg2 Bg7 4.
O-O O-O 5.
d4 d6 6. c4 Nbd7 7. Nc3 e5 8. h3 Re8 9. e4 a5 10. Re1 exd4 11.
Nxd4 Nc5 12.
Rb1 a4 13.
b4 axb3 14.
axb3 c6 15.
Bf4 Nh5 16.
Be3 Nf6 17.
Qc2 Qe7 18.
Rbd1 Qc7 19.
Bf4 Na6 20.
Qd2 Nd7 21.
Bh6 Bh8 22.
Nf5 Re6 23.
Nd4 Re8 24.
Nf5 Re6 25.
Ne3 Ndc5 26.
Rb1 Qa5 27.
Rec1 Nb4 28.
h4 Ncd3 29.
Rd1 Qe5 30.
Na4 Qa5 31.
Nc2 Nxc2 32.
Qxc2 Nc5 33.
Bd2 Qc7 34.
Nxc5 dxc5 35. Be3 Qa5 36. Rd3 Re8 37. Rbd1 Bg4 38. f3 Be6 39. Kh2 Bg7 40. Bh3 Bxh3 41. Kxh3 Qb6 42. Qf2 Bf8 43. Qb2 Bg7 44. Qd2 h5 45. Bh6 Bd4 46. Qf4 Re6 47. g4 hxg4+ 48.
Qxg4 Ra3 49.
Rb1 Qc7 50.
Bf4 Be5 51. Bxe5 Qxe5 52. Rbd1 Re8 53. Qg5 Qxg5 54. hxg5 b5 55. Kg4 Rb8 56. Kf4 Re8 57. Re3 bxc4 58. bxc4 Ra4 59. Rc3 Re6 60. Rd8+ Kg7 61. Rb3 Rb4 62. Ra3 Rb7 63. Raa8 f6 64. Rg8+ Kh7 65. Rh8+ Kg7 66. Rag8+ Kf7 67. Rf8+ Kg7 68.
Rhg8+ Kh7 69. gxf6 Rxf6+ 70. Rxf6 1-0

[Site "Europe Echecs"]

[Event "Championnat d'Europe Rapide"]
[Date "2024.12.07"]
[White "Arnaudov, G. Petar"]
[Black "Mamedov, Rauf"]
[WhiteElo "2401"]
[BlackElo "2656"]
[Round "3.12"]
[Result "1-0"]
[TimeControl "900+10"]

1. Nf3 g6 2.
d4 Nf6 3.
Bg5 Bg7 4.
e3 d6 5.
Nbd2 h6 6.
Bh4 c5 7.
dxc5 dxc5 8.
c3 O-O 9.
Qc2 Bf5 10.
e4 Bg4 11.
Be2 Nh5 12.
O-O g5 13.
Bg3 Nxg3 14.
hxg3 Nc6 15.
Nc4 Bh5 16.
Nh2 Bg6 17.
Ne3 Rc8 18.
Rad1 Qa5 19.
f4 b5 20. Bg4 Rcd8 21. Bf5 Rxd1 22. Rxd1 Bh5 23. Bg4 Bg6 24. Bd7 Nb8 25. Nd5 Nxd7 26. Nxe7+ Kh8 27. Rxd7 Bh7 28. f5 Qxa2 29. Ng4 h5 30. f6 hxg4 31. fxg7+ Kxg7 32. Qc1 Bg6 33. Nxg6 Kxg6 34. e5 Re8 35. Rd6+ Re6 36. Qc2+ Kg7 37. Qf5 Qxb2 38. Qxg5+ Kh7 39. Qf5+ Kg7 40. Rxe6 fxe6 41. Qf6+ Kh7 42. Qf7+ Kh8 43. Qh5+ Kg7 44. Qg5+ Kh7 45. Qe7+ Kh8 46. Qh4+ Kg7 47. Qxg4+ Kf7 48. Qh5+ Ke7 49. Qh7+ Kd8 50. Qg8+ Kd7 51. Qf7+ Kd8 52. Qf8+ Kc7 53. Qxc5+ Kb7 54. Qe7+ Ka6 55. Qxe6+ Ka5 56.
Qd6 Qxc3 57.
e6 Qa1+ 58.
Kf2 Qf6+ 59.
Ke2 b4 60.
Qc5+ Ka4 61.
Qxa7+ Kb5 62. Qb7+ Ka4 63. Qd7+ Ka3 64. e7 Qe5+ 65. Kf3 Qf6 66. Ke4 Qg6+ 67. Kd4 Qf6+ 68. Kc5 Qe5+ 69. Kc6 Qe4+ 70. Kb6 Qe3+ 71. Ka6 Qe2+ 72. Ka7 Qe3+ 73. Ka8 Qe4+ 74. Qb7 Qe6 75. Ka7 Qe3+ 76. Kb8 Qxg3+ 77. Qc7 Qg8+ 78. Ka7 Qe6 79. Qc1+ Ka4 80. Qa1+ Kb5 81. Qf1+ Ka5 82. Qa1+ Kb5 83. Qf1+ Ka5 84. e8=Q Qxe8 85. Qa6# 1-0

[Site "Europe Echecs"]

[Event "Championnat d'Europe Rapide"]
[Date "2024.12.07"]
[White "Tsolakidou, Stavroula"]
[Black "Fressinet, Laurent"]
[WhiteElo "2451"]
[BlackElo "2588"]
[Round "3.13"]
[Result "0-1"]
[TimeControl "900+10"]

1. e4 e5 2.
Nf3 Nc6 3.
Bc4 Nf6 4.
d3 Bc5 5.
Bg5 h6 6.
Bh4 d6 7. c3 a6 8. a4 Ba7 9. Nbd2 Qe7 10. O-O O-O 11. Kh1 Be6 12. b4 Bxc4 13.
Nxc4 Qe6 14.
b5 Nb8 15.
Bxf6 Qxf6 16. d4 Qe6 17. Qd3 Nd7 18. bxa6 bxa6 19. Rab1 Rab8 20. Na5 exd4 21. Nc6 Nc5 22. Qd1 Rxb1 23. Qxb1 dxc3 24. Nxa7 Qc4 25. Rc1 Nxe4 26. Rc2 Re8 27. Kg1 Qc5 28. Qb7 Nd2 29. h4 Re2 30. Qc8+ Kh7 31. Kh1 Rxf2 32. Qg4 Rf1+ 33. Kh2 Nxf3+ 34. gxf3 Rf2+ 35. Rxf2 Qxf2+ 36. Kh3 Qf1+ 37. Kh2 Qe2+ 38. Kh1 Qd3 0-1

[Site "Europe Echecs"]

[Event "Championnat d'Europe Rapide"]
[Date "2024.12.07"]
[White "Lagarde, Maxime"]
[Black "Diermair, Andreas"]
[WhiteElo "2600"]
[BlackElo "2433"]
[Round "3.14"]
[Result "1-0"]
[TimeControl "900+10"]

1. e4 c6 2.
d4 d5 3. e5 c5 4. Nf3 cxd4 5. Qxd4 Nc6 6. Qf4 e6 7. Nc3 Bd7 8. a3 Nge7 9. Bd3 Ng6 10. Qg3 Qb8 11. O-O Ncxe5 12.
Nxe5 Qxe5 13. Bxg6 Qxg3 14. Bxf7+ Kxf7 15. fxg3+ Ke8 16. Be3 Be7 17. Bd4 Rg8 18. Rae1 b6 19. Ne2 Rc8 20. c3 Bb5 21. Rf2 Kd7 22. Rf7 Rcf8 23. Rxg7 Rxg7 24. Bxg7 Rf7 25. Be5 Bxe2 26. Rxe2 Bc5+ 27. Bd4 Kd6 28. Re5 Rc7 29. Rh5 Bxd4+ 30. cxd4 Rc4 31. Rxh7 Rxd4 32. h4 Ke5 33. Rf7 Rc4 34. h5 d4 35. h6 Ke4 36. h7 Rc8 37. g4 d3 38. Kf2 e5 39. g5 d2 40. Ke2 Rd8 41. Kd1 Kd3 42. Rf3+ Ke4 43. g6 1-0

[Site "Europe Echecs"]

[Event "Championnat d'Europe Rapide"]
[Date "2024.12.07"]
[White "Bulmaga, Irina"]
[Black "Pichot, Alan"]
[WhiteElo "2386"]
[BlackElo "2637"]
[Round "3.15"]
[Result "0-1"]
[TimeControl "900+10"]

1. e4 e5 2.
Nf3 Nc6 3. d4 exd4 4. Nxd4 Nf6 5. Nxc6 bxc6 6. Nd2 g6 7. Bd3 Bg7 8. O-O O-O 9. f4 d6 10. h3 Re8 11. Qf3 Bb7 12. Rb1 c5 13. b3 d5 14. e5 Ne4 15. f5 Rxe5 16. fxg6 fxg6 17. Qf7+ Kh8 18. Nxe4 dxe4 19. Bb2 exd3 20. Rbe1 Qd5 21. Qxd5 Rxd5 22.
Bxg7+ Kxg7 23. Re7+ Kh6 24. cxd3 Rxd3 25. Rff7 Rh8 26. Rxc7 Bd5 27. Rfd7 Re8 28. h4 Kh5 29. Rxc5 Re5 30. Rxh7+ Kg4 31. Rg7 Re6 32. Rd7 Kg3 33. Rc1 Re2 34. Rg7 Rxg2+ 35. Kf1 Be4 36. Rf7 Rh2 37. Ke1 Re3+ 0-1

[Site "Europe Echecs"]

[Event "Championnat d'Europe Rapide"]
[Date "2024.12.07"]
[White "Georgiev, Kiril"]
[Black "Danov, Lyubomir"]
[WhiteElo "2537"]
[BlackElo "2297"]
[Round "3.16"]
[Result "1-0"]
[TimeControl "900+10"]

1. Nf3 d5 2. e3 Nf6 3. c4 e6 4. b3 Bd6 5. Nc3 O-O 6. Bb2 b6 7. Qc2 a6 8. cxd5 exd5 9. g3 Bb7 10. Bg2 d4 11. Ne2 dxe3 12. dxe3 Bb4+ 13. Bc3 Bxc3+ 14.
Nxc3 Nbd7 15. O-O Qe7 16. Rfd1 c5 17. Qf5 Rfd8 18. Rac1 Nf8 19. Qe5 Ne6 20. h3 Rxd1+ 21. Rxd1 Rd8 22. Rc1 b5 23. Ne2 Qd6 24. Qxd6 Rxd6 25. Nf4 Nxf4 26. gxf4 Nd7 27. Ne5 Bxg2 28. Kxg2 Nxe5 29. fxe5 Rd5 30. f4 Rd2+ 31. Kf3 Rxa2 32. Rxc5 g6 33. b4 Ra4 34. Rc6 Rxb4 35. Rxa6 Rb1 36. Ke4 b4 37. Ra8+ Kg7 38. Ra7 Kf8 39. e6 fxe6 40. Rxh7 b3 41. Rb7 b2 42. Ke5 Re1 43. Rxb2 Rxe3+ 44. Kf6 Ke8 45. h4 Re4 46. Rf2 e5 47. fxe5 Rxh4 48. Ra2 Rf4+ 49. Ke6 Kf8 50. Ra8+ Kg7 51. Kd5 g5 52. e6 Kf6 53. Ra7 Rb4 54. Rf7+ Kg6 55. Rf8 Rb7 56. Ke5 Kg7 57. Rd8 Rb5+ 58. Kd6 Rb6+ 59. Kd7 Rb7+ 60. Kc6 Rb1 61. e7 Rc1+ 62. Kd6 Rd1+ 63. Kc5 Rc1+ 64. Kd4 1-0

[Site "Europe Echecs"]

[Event "Championnat d'Europe Rapide"]
[Date "2024.12.07"]
[White "Hamitevici, Vladimir"]
[Black "Djukic, Nikola"]
[WhiteElo "2423"]
[BlackElo "2493"]
[Round "3.17"]
[Result "1/2-1/2"]
[TimeControl "900+10"]

1. Nf3 Nf6 2. e3 g6 3.
b3 Bg7 4.
Bb2 O-O 5.
Be2 c5 6.
O-O Nc6 7.
c4 b6 8. d4 cxd4 9. Nxd4 Nxd4 10.
Qxd4 Bb7 11.
Rd1 Qc8 12.
Nc3 Qc5 13.
Nd5 Bxd5 14.
cxd5 Qxd4 15. Bxd4 Ne4 16. Bxg7 Kxg7 17. Rd4 Nd6 18. Ba6 b5 19. a4 bxa4 20. Rdxa4 Rfb8 21. Bc4 Rb7 22. f3 f5 23. Kf2 Kf6 24. R1a2 Nxc4 25. bxc4 d6 26. f4 Rc8 27. Ke2 a5 28. Kd3 Rb4 29. Rxb4 axb4 30. Ra5 Rb8 31. Kc2 b3+ 32. Kb2 Rb4 33. c5 dxc5 34. Rxc5 Kf7 35. Rc7 Rb6 36. Rc6 Rb5 37. d6 Rd5 38. dxe7 Rd2+ 39. Kxb3 Rxg2 40. Rc8 Kxe7 41. Rc7+ Kf6 42. Rxh7 Re2 43. Rh3 Rd2 44. Kc3 Ra2 45. Rh7 Rg2 46. Kd3 Ra2 47. Rh3 Kg7 48. Kd4 Ra4+ 49. Kd3 Ra2 50. Kd4 Ra4+ 51. Kd3 1/2-1/2

[Site "Europe Echecs"]

[Event "Championnat d'Europe Rapide"]
[Date "2024.12.07"]
[White "Quparadze, Giga"]
[Black "Magold, Filip"]
[WhiteElo "2537"]
[BlackElo "2428"]
[Round "3.18"]
[Result "0-1"]
[TimeControl "900+10"]

1. e4 c5 2. Nf3 d6 3. d4 Nf6 4. Nc3 cxd4 5. Nxd4 a6 6. Nb3 e6 7. g4 b5 8. Bg2 Bb7 9. g5 Nfd7 10. a3 Be7 11. h4 Nc6 12. Be3 O-O 13. f4 Nb6 14. Qe2 Nc4 15. O-O-O N6a5 16. Bd4 Qc7 17. Nxa5 Qxa5 18. Na2 Rfc8 19. Bc3 Qb6 20. Rd3 a5 21. g6 b4 22. gxf7+ Kxf7 23. Bd4 Qb5 24. Bh3 Bf8 25. Qg4 Re8 26. Rg1 Bxe4 27. Bxg7 Bg6 28. Bd4 Rac8 29. f5 exf5 30. Qg5 Ne5 31. h5 Rxc2+ 32. Kxc2 Qxd3+ 33.
Kc1 Rc8+ 34. Nc3 bxc3 35. hxg6+ hxg6 36.
Bxe5 cxb2+ 37. Kxb2 Rb8+ 0-1

[Site "Europe Echecs"]

[Event "Championnat d'Europe Rapide"]
[Date "2024.12.07"]
[White "Laurusas, Tomas"]
[Black "Mohr, Georg"]
[WhiteElo "2578"]
[BlackElo "2385"]
[Round "3.19"]
[Result "1-0"]
[TimeControl "900+10"]

1. d4 Nf6 2. c4 e5 3. dxe5 Ng4 4. Nc3 Nxe5 5. e3 g6 6. Nh3 Bg7 7. Nf4 a5 8. Be2 d6 9. O-O O-O 10. Qd2 a4 11. Qc2 Bd7 12. Bd2 Bf5 13. e4 Bd7 14. Rad1 Nbc6 15. Nb5 Na7 16. Nxa7 Rxa7 17. Be3 b6 18. Nd5 Re8 19. Qc1 Bc6 20. Bg5 f6 21. Bh4 Nd7 22. f3 g5 23. Bf2 f5 24. Bd3 f4 25. Nb4 Bb7 26. Be2 Kh8 27. Nc2 Qf6 28. Nd4 Raa8 29. Nb5 Rec8 30. b4 axb3 31. axb3 Nc5 32. Nd4 Qf7 33. b4 Ne6 34. Nf5 Be5 35. c5 bxc5 36. bxc5 Ng7 37. Nd4 Ne6 38. Bc4 Nxd4 39. Bxd4 Bxd4+ 40. Rxd4 Qf6 41. Rfd1 dxc5 42. Rd7 Bc6 43. Rf7 Qe5 44. Rf5 Qg7 45. Rxc5 Ba4 46. Re1 Rab8 47. e5 Bb3 48. Ba6 Re8 49. Rxc7 Qg6 50. Bf1 Be6 51. Qa3 Rb3 52. Qd6 Bf5 53. Qd4 Qb6 54. Qxb6 Rxb6 55. Bc4 Be6 56. Bd3 Bg8 57. Rd7 Rbe6 58. Rd5 R6e7 59. Rc5 Kg7 60. g3 Rd8 61. Be4 Rd2 62. h4 h6 63. gxf4 gxf4 64. Kh1 Be6 65. Rg1+ Kf8 66. Ra5 Bf7 67. Ra8+ Be8 68. Ra5 Bd7 69. Rg6 Be8 70. Rf6+ Kg7 71. Rxf4 Rc7 72. Rg4+ Kf8 73. Rg2 Bd7 74. Rxd2 1-0

[Site "Europe Echecs"]

[Event "Championnat d'Europe Rapide"]
[Date "2024.12.07"]
[White "Dobrikov, Marco"]
[Black "Bernadskiy, Vitaliy"]
[WhiteElo "2407"]
[BlackElo "2546"]
[Round "3.20"]
[Result "1-0"]
[TimeControl "900+10"]

1. e4 e6 2. d4 d5 3. Nc3 Nf6 4. e5 Nfd7 5. f4 c5 6. Nf3 Nc6 7. Be3 Rb8 8. Qd2 Qa5 9. Nb5 Qxd2+ 10. Kxd2 a6 11. Nd6+ Bxd6 12. exd6 c4 13. b3 Nf6 14. bxc4 Ne4+ 15. Kc1 dxc4 16. Bxc4 Nxd6 17. Be2 b5 18. Ne5 Bb7 19. Bf3 Nxe5 20.
fxe5 Nc4 21.
Bf2 Bxf3 22.
gxf3 Kd7 23.
Rg1 g6 24.
Rb1 Rhc8 25.
Rb3 Nb6 26.
Kd2 Nd5 27.
a3 Rc4 28.
c3 Rbc8 29.
Rc1 Kc6 30.
Kd3 Kb6 31.
Be3 Kc6 32.
Bd2 Ne7 33.
Ke4 Nf5 34.
Ra1 a5 35.
Rab1 Rb8 36.
Be1 Ne7 37.
Bd2 Nd5 38.
Kd3 Nc7 39.
Ke4 Rb6 40.
Be1 Kb7 41.
Bd2 Ka6 42.
Kd3 Rbc6 43.
R1b2 Rb6 44.
Rb1 Rb8 45. Ra1 Rd8 46. Rxb5 Rcxd4+ 47. cxd4 Nxb5 48. Be3 Rd5 49. a4 Na7 50. Rc1 Kb7 51. Rc5 Nc6 52. Kc4 Rd8 53. f4 Kc7 54. h4 Rb8 55. Rb5 Rc8 56. Bd2 Kd7 57. Rc5 Rb8 58. Bxa5 Ra8 59. Bc3 Ne7 60. a5 Nd5 61. Bd2 Rb8 62. a6 Ra8 63. Kb5 Nc7+ 64.
Rxc7+ Kxc7 65. Ba5+ Kd7 66. Bb6 Rb8 67. a7 Ra8 68. Bc5 Kc7 69. Ka6 Kc6 70. Bd6 h6 71. Bb8 Kd5 72. Kb7 Rxa7+ 73. Bxa7 Ke4 74. Kc6 Kxf4 75. Kd7 g5 76. hxg5 hxg5 77. Bb6 Kf5 78. Ke7 Kg6 79. Ba5 g4 80. Be1 Kg7 81. Bg3 Kg6 82. Kf8 f5 83. d5 f4 84. Bxf4 exd5 85.
e6 Kf5 86.
e7 Kxf4 87.
e8=Q g3 88.
Qe2 d4 89.
Ke7 d3 90.
Qxd3 g2 91.
Qd4+ 1-0

[Site "Europe Echecs"]

[Event "Championnat d'Europe Rapide"]
[Date "2024.12.07"]
[White "Nikolovski, Nikola"]
[Black "Fridman, Daniel"]
[WhiteElo "2407"]
[BlackElo "2571"]
[Round "3.21"]
[Result "0-1"]
[TimeControl "900+10"]

1. e4 e6 2.
Qe2 c5 3. f4 Nc6 4. Nf3 Nge7 5. g3 d5 6. d3 b6 7. Bg2 dxe4 8. dxe4 Nb4 9. Na3 Ba6 10. Nc4 Nec6 11. a3 Nd4 12. Nxd4 Qxd4 13.
axb4 Bxc4 14. Qe3 a6 15. e5 O-O-O 16. Qxd4 cxd4 17. Bd2 f6 18. exf6 gxf6 19. Kf2 e5 20. Rhe1 Bd6 21. Be4 h5 22. Kf3 Kb8 23. b3 Bb5 24. c4 dxc3 25. Bxc3 Rc8 26. Rac1 Rxc3+ 27. Rxc3 Bxb4 28. Rec1 Bxc3 29. Rxc3 a5 30. fxe5 fxe5 31. Bd5 Rf8+ 32. Ke4 Rf2 33. h4 Re2+ 34. Re3 Rxe3+ 35. Kxe3 Bd7 36. Ke4 Kc7 37. Kxe5 Bg4 38. Kd4 Kd6 39. Be4 Bd1 40. Bd5 b5 41. Bf7 Bg4 42. Be8 b4 43. Kc4 Be2+ 44. Kd4 Ke7 45. Bg6 Kf6 46. Bc2 Ke6 47. Ke3 Bg4 48. Kd4 Kd6 49. Bg6 Bd1 50. Bf7 Ke7 51. Bg8 Kf6 52. Ke4 Bc2+ 53. Kf4 Bf5 54.
Ke3 Be6 55.
Bxe6 Kxe6 56. Ke4 Kd6 57. Kd4 Kc6 58. Kc4 Kb6 59. Kd3 a4 60. bxa4 Ka5 61. Kc2 Kxa4 62. Kb2 b3 63. Kb1 Ka3 64. Ka1 b2+ 65. Kb1 Kb3 66. g4 hxg4 0-1

[Site "Europe Echecs"]

[Event "Championnat d'Europe Rapide"]
[Date "2024.12.07"]
[White "Smeets, Jan"]
[Black "Popovic, Milos T"]
[WhiteElo "2552"]
[BlackElo "2334"]
[Round "3.22"]
[Result "0-1"]
[TimeControl "900+10"]

1. e4 c5 2.
Nf3 Nc6 3.
Bb5 e5 4.
O-O Nge7 5.
c3 g6 6. d4 cxd4 7. cxd4 exd4 8. Bf4 Bg7 9. Bd6 O-O 10. Nbd2 a6 11. Bd3 b5 12. a4 Bb7 13. Nb3 Qb6 14. a5 Qd8 15. Qd2 Re8 16. Nc5 Ra7 17. Qf4 Nc8 18. Bc7 Qe7 19. Bb6 d6 20. Nxb7 Rxb7 21. Rac1 Ne5 22. Rfd1 Nxb6 23. axb6 Nxd3 24. Rxd3 Rxb6 25. Qd2 Qxe4 26. Re1 Qa8 27. Ra1 Rc6 28. Nxd4 Bxd4 29. Rxd4 Qc8 30. Rxd6 Rc2 31. Qf4 Rxb2 32. Rad1 Rbe2 33. h4 Re1+ 34.
Rxe1 Rxe1+ 35. Kh2 Re6 36. Rd4 h5 37. g3 Kg7 38. Rd5 Rf6 39. Qd2 Qc4 40. Kg1 Rc6 41. Kh2 b4 42. Rd8 Qc3 43. Qf4 Rf6 44. Qb8 Rxf2+ 45. Kh3 Kh7 46. Qa8 Rf3 47. Rh8+ Qxh8 48.
Qxf3 Qe8 49.
Qb7 Qe6+ 50.
Kh2 b3 0-1

[Site "Europe Echecs"]

[Event "Championnat d'Europe Rapide"]
[Date "2024.12.07"]
[White "Brunner, Nicolas"]
[Black "Grigoriants, Sergey"]
[WhiteElo "2413"]
[BlackElo "2542"]
[Round "3.23"]
[Result "1/2-1/2"]
[TimeControl "900+10"]

1. d4 Nf6 2.
c4 e6 3. Nc3 Bb4 4. Nf3 b6 5. e3 Bb7 6. Bd3 O-O 7. O-O Bxc3 8. bxc3 Ne4 9. Qc2 f5 10. Nd2 Nxd2 11.
Bxd2 Qh4 12.
f3 Nc6 13.
Be1 Qg5 14.
e4 Ne7 15.
Bg3 d6 16.
Rae1 Rae8 17. c5 bxc5 18. dxc5 fxe4 19. Bxe4 Bxe4 20. Qxe4 Qxc5+ 21. Bf2 Qd5 22. Qxe6+ Qxe6 23. Rxe6 Nd5 24. Rxe8 Rxe8 25. c4 Nb6 26. c5 dxc5 27. Bxc5 Re2 28. Rf2 Re1+ 29. Rf1 Re2
30. Rf2 1/2-1/2

[Site "Europe Echecs"]

[Event "Championnat d'Europe Rapide"]
[Date "2024.12.07"]
[White "Gatineau, Yovann"]
[Black "Saric, Ante"]
[WhiteElo "2363"]
[BlackElo "2482"]
[Round "3.24"]
[Result "1/2-1/2"]
[TimeControl "900+10"]

1. d4 Nf6 2. c4 e6 3. Nf3 b6 4. g3 Bb7 5. Bg2 Bb4+ 6. Bd2 Be7 7. O-O c6 8. Nc3 d5 9. b3 dxc4 10. bxc4 c5 11. Bf4 cxd4 12. Nb5 Na6 13. Nfxd4 Bxg2 14. Kxg2 Qc8 15. Rc1 O-O 16. Qb3 Qb7+ 17. Qf3 Qxf3+ 18. Kxf3 Rfc8 19. Rfd1 Ne8 20. Nb3 Nc5 21. Nxc5 Bxc5 22. Rd7 a6 23. Nd6 Nxd6 24. Bxd6 h6 25. Rd1 Bxd6 26. R1xd6 1/2-1/2

[Site "Europe Echecs"]

[Event "Championnat d'Europe Rapide"]
[Date "2024.12.07"]
[White "Nevednichy, Vladislav"]
[Black "Pantsulaia, Levan"]
[WhiteElo "2451"]
[BlackElo "2522"]
[Round "3.25"]
[Result "1/2-1/2"]
[TimeControl "900+10"]

1. e4 c5 2.
Nf3 e6 3. d4 cxd4 4. Nxd4 a6 5. Bd3 d5 6. O-O dxe4 7. Bxe4 Nf6 8. Bf3 Bd6 9. Nc3 h6 10. g3 O-O 11. Re1 Re8 12. Qd3 Bc7 13. Be3 Nbd7 14. Qe2 Ne5 15. Rad1 Nxf3+ 16. Qxf3 Qe7 17. Nb3 e5 18. Ne4 Nxe4 19. Qxe4 f5 20. Qd5+ Qf7 21.
Qxf7+ Kxf7 22. f4 exf4 23. Bxf4 Bb6+ 24. Kf1 Be6 25. Kg2 g5 26. Be3 Bxb3 27. Bxb6 Rxe1 28. Rxe1 Bxc2 29. Rc1 Be4+ 30. Kf2 Re8 31. Rc7+ Kg6 32. h3 Re6 33. Bd4 Rd6 34. Ke3 Bg2 35. Be5 Re6 36. Kd4 Bxh3 37.
Rxb7 Kh5 38.
Kd5 Rg6 39.
Rb4 Bg2+ 40.
Kd4 Be4 41.
a4 Kg4 42.
a5 h5 43.
Rb6 Rxb6 44.
axb6 Kf3 45. b4 h4 46. gxh4 gxh4 47. Bh2 h3 48. Ke5 Kg4 49. Kd4 Bb7 50. Ke3 Kg5 51. Be5 Kg6 52. Kf2 Kf7 53. Kg3 Ke6 54. Bc7 Bg2 55. b7 Bxb7 56. Kxh3 1/2-1/2

[Site "Europe Echecs"]

[Event "Championnat d'Europe Rapide"]
[Date "2024.12.07"]
[White "Djurovic, Peko"]
[Black "Kadric, Denis"]
[WhiteElo "2253"]
[BlackElo "2544"]
[Round "3.26"]
[Result "1/2-1/2"]
[TimeControl "900+10"]

1. e4 d6 2. d4 Nf6 3. Nc3 e5 4. Nf3 Nbd7 5. Rg1 c6 6. g4 h6 7. Be3 Be7 8. Qd2 exd4 9. Qxd4 Qc7 10. Bf4 Nf8 11. Bc4 Ne6 12. Bxe6 Bxe6 13. O-O-O Rd8 14. g5 hxg5 15. Nxg5 Nh5 16. Nxe6 fxe6 17. Be3 a6 18. Qc4 Kf7 19. f4 Bf6 20. f5 Qe7 21. Bb6 Rd7 22. Qf1 Kg8 23. Rd3 Be5 24. Bd4 Bxd4 25. Rxd4 exf5 26. Qxf5 Nf6 27. Rd2 Qe5 28. Qxe5 dxe5 29. Rxd7 Nxd7 30. Rd1 Nf8 31. Rd2 Kf7 32. Nd1 Rh4 33. Re2 Ne6 34. Kd2 b5 35. a3 a5 36. Rf2+ Ke7 37. Re2 Nc5 38. b4 axb4 39. axb4 Ne6 40. c3 Ng5 41. Kd3 Ke6 42. Rg2 Kf6 43. Nf2 Nf7 44. Ng4+ Ke6 45. Ne3 g5 46. Nf5 Rh3+ 47. Kc2 Rf3 48. Kd2 Kf6 49. Kc2 Ke6 50. Kd2 Rh3 51. Kc2 Rf3 52. Kd2 Kf6 53. Kc2 Ke6 1/2-1/2

[Site "Europe Echecs"]

[Event "Championnat d'Europe Rapide"]
[Date "2024.12.07"]
[White "Kozul, Zdenko"]
[Black "Zlatkov, Anton"]
[WhiteElo "2519"]
[BlackElo "2324"]
[Round "3.27"]
[Result "1-0"]
[TimeControl "900+10"]

1. d4 Nf6 2. Nf3 e6 3. c4 d5 4. g3 Bb4+ 5. Bd2 Be7 6. Bg2 O-O 7. O-O c6 8. Qb3 a5 9. Rc1 Nbd7 10. a4 Nb6 11. c5 Nc4 12. Bf4 Ne4 13. h4 f6 14. Rxc4 dxc4 15. Qxc4 Kh8 16. Qc2 f5 17. Na3 b6 18. Ne5 bxc5 19.
dxc5 Ba6 20.
Nxc6 Qe8 21.
Nxe7 Qxe7 22. Nb5 e5 23. Be3 Bb7 24. Nd6 Nxd6 25. cxd6 Qd7 26. Qc7 Qxc7 27. dxc7 Bxg2 28. Kxg2 Rfc8 29. Bb6 Kg8 30. Rc1 Kf7 31. Rd1 Kf6 32. Rd7 h5 33. Kf3 g6 34. Ke3 Ke6 35. Kd3 Kf6 36. Rd8 f4 37. Kc4 g5 38. Kd5 gxh4 39. gxh4 Kf5 40. f3 1-0

[Site "Europe Echecs"]

[Event "Championnat d'Europe Rapide"]
[Date "2024.12.07"]
[White "Livaic, Leon"]
[Black "Jotic, Vladimir"]
[WhiteElo "2560"]
[BlackElo "2249"]
[Round "3.28"]
[Result "1-0"]
[TimeControl "900+10"]

1. d4 Nf6 2.
c4 c5 3. d5 e6 4. Nc3 d6 5. e4 exd5 6. cxd5 g6 7. f4 Bg7 8. Bb5+ Nfd7 9. Nf3 O-O 10. O-O a6 11. Bd3 b5 12. Qe1 Re8 13. Qg3 c4 14. Bc2 Bb7 15. f5 Nf6 16. fxg6 hxg6 17. Ng5 Qe7 18. Qh4 Nbd7 19. a3 Nf8 20. Be3 N8h7 21. Rf3 Bc8 22. Raf1 Qe5 23. Nxf7 Qh5 24. Qxh5 Nxh5 25.
Nxd6 Rd8 26.
Nf7 Re8 27.
e5 1-0

[Site "Europe Echecs"]